 Dungeon Crawl Stone Soup version 0.30.1-11-g7821555f0a (webtiles) character file.

Game seed: 3637210003142662993

573 lonewolfV2 the Ducker (level 7, -4/46 HPs)
             Began as an Octopode Fighter on Nov 1, 2023.
             Killed from afar by Ijyb (14 damage)
             ... with a puff of flame
             ... on level 3 of the Dungeon.
             The game lasted 00:05:15 (3540 turns).

lonewolfV2 the Ducker (Octopode Fighter)            Turns: 3540, Time: 00:05:16

Health: -4/46      AC:  1    Str: 17    XL:     7   Next: 34%
Magic:  16/16      EV: 15    Int: 11    God:
Gold:   108        SH:  5    Dex: 13    Spells: 6/6 levels left

rFire   . . .        a - +0 war axe
rCold   . . .        b - +0 buckler
rNeg    . . .        (helmet restricted)
rPois   +            (no amulet)
rElec   +            f - ring of magical power
rCorr   +            c - ring of Division {rElec rPois Will+ rCorr Dex+2}
SInv    .            (no ring)
Will    +....        (no ring)
Stlth   ++           (no ring)
HPRegen 0.27/turn    (no ring)
MPRegen 0.15/turn    (no ring)
                     (no ring)

%: no passive effects
@: studying Axes
A: almost no armour, amphibious, 8 rings, camouflage 1, gelatinous body 1,
(nimble swimmer 1), tentacles
a: no special abilities


You were on level 3 of the Dungeon.
You visited 1 branch of the dungeon, and saw 3 of its levels.
You also visited: Sewer.

You collected 108 gold pieces.

Inventory:

Hand Weapons
 a - a +0 war axe (weapon)
Armour
 b - a +0 buckler (worn)
Jewellery
 c - the ring of Division (right tentacle) {rElec rPois Will+ rCorr Dex+2}
   (You acquired it on level 2 of the Dungeon)

   [ring of resist corrosion]

   Dex:       It affects your dexterity (+2).
   rElec:     It insulates you from electricity.
   rPois:     It protects you from poison.
   rCorr:     It protects you from acid and corrosion.
   Will:      It increases your willpower.
 f - a ring of magical power (left tentacle)
Scrolls
 d - a scroll of noise {unknown}
Potions
 e - 2 potions of degeneration
 j - 2 potions of curing {unknown}
 k - a potion of heal wounds {unknown}
 m - 2 potions of mutation {unknown}
 n - a potion of cancellation {unknown}
 p - a potion of invisibility {unknown}


   Skills:
 - Level 3.0 Fighting
 + Level 4.8 Axes
 + Level 5.7 Dodging
 + Level 5.7 Shields


You had 6 spell levels left.
You didn't know any spells.
Your spell library contained the following spells:

 Spells                   Type           Power      Damage    Failure   Level
 Magic Dart               Conj           0%         1d3       41%         1
 Call Imp                 Summ           0%         N/A       54%         2
 Mephitic Cloud           Conj/Pois/Air  0%         N/A       78%         3


Dungeon Overview and Level Annotations

Branches:
Dungeon (3/15)              Sewer (visited)

Altars:
Gozag

Annotations:
D:3 Ijyb


Innate Abilities, Weirdness & Mutations

You cannot wear most types of armour.
You are amphibious.
You can wear up to eight rings at the same time.
Your skin changes colour to match your surroundings (Stealth+).
Your rubbery body absorbs attacks. (AC +1, EV +1)
((You are camouflaged when in or above water. (Stealth+)))
You have tentacles for arms and can constrict up to eight enemies at once.


Message History

Grinder says, "Wait up."
Grinder gestures at you. You resist with almost no effort.
Grinder gestures at you. You resist with some effort.
You slash Grinder!
You kill Grinder!
Your Axes skill increases to level 4!
You have reached level 7!
You start resting.
HP restored.
You start waiting.
Done waiting.
You start waiting.
Done waiting.
You start waiting.
Done waiting.
You now have 108 gold pieces (gained 8).
Could not explore, unopened door.
Could not explore, unopened door.
Could not explore, unopened door.
You open the door.
Found a hand axe.
Found 3 atropa-tipped darts and 6 gold pieces.
There is an open door here.
Ijyb the Twisted Goblin comes into view.
She is wielding a +0 club and carrying a wand of flame (17).
Ijyb shouts!
Ijyb is nearby!
Ijyb zaps a wand.
The puff of flame hits you!
There is an open door here.
Ijyb zaps a wand.
You block the puff of flame.
Ijyb zaps a wand.
The puff of flame hits you!
Ijyb zaps a wand.
The puff of flame hits you!
You barely miss Ijyb. You grab Ijyb. You constrict Ijyb.
Ijyb hits you with a +0 club.
* * * LOW HITPOINT WARNING * * *
You slash Ijyb!
Ijyb is heavily wounded.
You constrict Ijyb.
Ijyb zaps a wand.
The puff of flame hits you!
You die...

#.# #.# #.#
###########.#
#.......(.#.# #
#.........#.# ####
#.........#.#### ...#
#.....@...'....#..#
...#
#.....g...#.##.#..#
...+
#.........#.#..#..#
...#
#.........#.#..#..#
<..+
#.....)$..#.#..#..#
...#
#.........#.#..(..#####
...#
#######+###.#..........
##.# #.#(.......#####
.# #.#......#.#


You could see Ijyb.

Vanquished Creatures
  Grinder (D:3)
  2 bullfrogs (Sewer)
  An orc wizard (D:3)
  Robin (D:2)
  7 adders
  6 river rats (Sewer)
  5 orcs
  2 bats (D:3)
  6 endoplasms
  4 giant cockroaches
  14 goblins
  6 hobgoblins
  4 jackals (D:2)
  5 quokkas
  15 ball pythons
  4 frilled lizards
  3 kobolds
  19 rats
105 creatures vanquished.

Notes
Turn   | Place    | Note
-------+----------+-------------------------------------------
     0 | D:1      | lonewolfV2 the Octopode Fighter began the quest for the
                  | Orb.
     0 | D:1      | Reached XP level 1. HP: 16/16 MP: 1/1
    99 | D:1      | Found a faded altar of an unknown god.
   103 | D:1      | Reached XP level 2. HP: 21/21 MP: 2/2
   365 | D:1      | Reached XP level 3. HP: 26/26 MP: 3/3
   718 | D:2      | Noticed Robin
   743 | D:2      | Killed Robin
   744 | D:2      | Reached XP level 4. HP: 10/31 MP: 4/4
  1459 | D:2      | Identified a scroll of acquirement
  1459 | D:2      | Acquired the ring of Division {rElec rPois Will+ rCorr
                  | Dex+2}
  1598 | D:3      | Found a glowing drain.
  1616 | Sewer    | Entered a sewer
  1755 | Sewer    | Reached XP level 5. HP: 36/36 MP: 5/5
  2037 | Sewer    | Acquired a manual of Axes
  2127 | Sewer    | Reached skill level 5 in Dodging
  2127 | Sewer    | Reached skill level 5 in Shields
  2127 | Sewer    | Reached XP level 6. HP: 23/42 MP: 6/6
  2664 | D:3      | Found an opulent altar of Gozag.
  3081 | D:3      | Noticed Grinder
  3089 | D:3      | Paralysed by Grinder for 3 turns
  3110 | D:3      | Killed Grinder
  3111 | D:3      | Reached XP level 7. HP: 17/46 MP: 7/7
  3530 | D:3      | Noticed Ijyb
  3540 | D:3      | Killed from afar by Ijyb

Illustrated notes

Levels and vault maps discovered:
D:1:      minmay_arrival_four_houses, layout_rooms,
          ebering_ecumenical_altar_mist, st_stairs_12, minivault_14,
          dreamdust_princess_corridor
D:2:      layout_basic, corexii_shack, uniq_robin
D:3:      layout_basic, gammafunk_temple_overflow_pools, portal_sewer_entry_f,
          minmay_statues_item, uniq_grinder, uniq_ijyb

Skill      XL: |  1  2  3  4  5  6 |
---------------+-------------------+-----
Dodging        | 4 5 |  5.7
Shields        | 4 5 |  5.7
Axes           | 3 4 |  4.8
Fighting       | |  3.0

Action                     |  1- 3 |  4- 6 |  7- 9 || total
---------------------------+-------+-------+-------++-------
  Melee: War axe           |    52 |   102 |     2 ||   156
         Constrict         |    10 |    22 |     1 ||    33
         Tentacles         |     3 |    17 |       ||    20
    Use: Scroll            |     2 |     7 |       ||     9
         Potion            |     2 |     2 |       ||     4
   Stab: Sleeping          |     2 |     5 |       ||     7
 Armour: Skin              |    27 |    31 |       ||    58
  Dodge: Dodged            |    34 |   106 |       ||   140
  Block: Buckler           |    15 |    39 |     1 ||    55
